AoeStats
← somohano89

Arabia

510182658Analyzed
1v1 RM · 2d ago on Sep 29, 2026· 37m 34s· 2 players
Game mode
Random Map
Map size
Tiny (2 player)
Population
200
Speed
Normal
Resources
Standard
Victory
Conquest
Starting age
Dark Age
Ending age
Imperial Age
RankedLock teamsTeams togetherTeam positionsShared explorationLock speedFull tech treeHidden civsTurbo modeCheats
Victory
Defeat
🇲🇽 Byzantines · Mexico
988
+15
🇬🇪 Magyars · Georgia
959
-15
somohano89
4:52 Loom
17:37 Feudal Age
19:21 Arson
21:19 Man-at-Arms
22:10 Double-Bit Axe
23:53 Gold Mining
27:02 Scale Mail Armor
28:04 Fletching
28:25 Forging
36:13 Castle Age
36:44 Long Swordsman
37:25 Squires
37:11 Gambesons
37:09 Crossbowman
rashed.adaileh2000
6:56 Loom
9:48 Feudal Age
13:16 Double-Bit Axe
25:56 Castle Age
24:05 Horse Collar
Connection lost

Rejoining the realm…

Still unreachable

The connection could not be restored.

Session expired

The server has moved on; the page needs a fresh start.